 Dungeon Crawl Stone Soup version 0.26-a0-660-gc07710193c (webtiles) character file.

Game seed: 15595385828915180573

9 Gottschkopf the Ruffian (level 2, 0/23 HPs)
             Began as a Draconian Transmuter on Oct 6, 2020.
             Succumbed to a kobold's poison
             ... on level 1 of the Dungeon.
             The game lasted 00:00:21 (150 turns).

Gottschkopf the Ruffian (Draconian Transmuter)       Turns: 150, Time: 00:00:22

Health: 0/23       AC:  4    Str: 12    XL:     2   Next: 6%
Magic:  1/5        EV: 12    Int: 13    God:
Gold:   27         SH:  0    Dex: 11    Spells: 4/5 levels left

rFire    . . .     SeeInvis .     - Unarmed
rCold    . . .     Faith    .   (no shield)
rNeg     . . .     Spirit   .   (armour unavailable)
rPois    .         Reflect  .   (helmet currently unavailable)
rElec    .         Harm     .   (no cloak)
rCorr    .         Rampage  .   (no gloves)
MR       .....                  (boots currently unavailable)
Stlth    +.........             (no amulet)
HPRegen  0.07/turn              (no ring)
MPRegen  0.09/turn              (no ring)

@: lethally poisoned (0 -> -7), appendages (expiring)
A: unfitting armour, horns 2, talons 2, cold-blooded, AC +4
a: End Transformation


You were on level 1 of the Dungeon.
You had grown temporary horns.
You had grown temporary talons.
You visited 1 branch of the dungeon, and saw 1 of its levels.

You collected 27 gold pieces.

You aren't carrying anything.


   Skills:
 - Level 1.1 Fighting
 - Level 1.7 Dodging
 + Level 3.6 Unarmed Combat
 - Level 2.0 Spellcasting
 - Level 2.0 Transmutations


You had 4 spell levels left.
You knew the following spells:

 Your Spells              Type           Power        Failure   Level
a - Beastly Appendage     Tmut           #.....       11%         1

Your spell library contained the following spells:

 Spells                   Type           Power        Failure   Level
 Wereblood                Tmut           #.......     17%         2
 Spider Form              Tmut/Pois      #.........   45%         3
 Ice Form                 Ice/Tmut       #.......     86%         4
 Blade Hands              Tmut           #.........   97%         5


Dungeon Overview and Level Annotations

Branches:
Dungeon (1/15)

Altars:


Innate Abilities, Weirdness & Mutations

Your plain brown scales are hard. (AC +4)
You cannot fit into any form of body armour.
You are cold-blooded and may be slowed by cold attacks.
You have a pair of horns on your head.
You have razor-sharp toenails.


Message History

You see here a stone.
The frilled lizard hisses angrily.
You hit the hobgoblin. Your headbutt misses the hobgoblin.
The hobgoblin is lightly wounded.
* * * LOW HITPOINT WARNING * * *
You feel sick. The hobgoblin closely misses you.
You hit the hobgoblin but do no damage. You claw the hobgoblin.
You tail-slap the hobgoblin.
The hobgoblin is almost dead.
The hobgoblin closely misses you.
A goblin comes into view.
You closely miss the hobgoblin. You claw the hobgoblin.
You kill the hobgoblin!
You have reached level 2!
* * * LOW HITPOINT WARNING * * *
You feel sick.
You hit the rat.
You kill the rat!
You aren't carrying any potions.
You die...

# #..#.#
#.######## #..#.#
#.#......#
#..#.####......#.#
#..#.......#.#.#.#
#†.#########.#.#.#
#†....#### #.#.#.#
### #(†.......
..#.#.. #(..
#.#...#### ###.###
#... #@#...# #.#
...#(#...# #.#
#.#l#...#
#..(#...#
##.g#...# #..#####
#g.# ...# ....#


You could see a hobgoblin, a goblin and a frilled lizard.

Vanquished Creatures
  2 bats (D:1)
  2 goblins (D:1)
  A hobgoblin (D:1)
  A frilled lizard (D:1)
  3 rats (D:1)
9 creatures vanquished.

Notes
Turn   | Place    | Note
-------+----------+-------------------------------------------
     0 | D:1      | Gottschkopf the Draconian Transmuter began the quest for
                  | the Orb.
     0 | D:1      | Reached XP level 1. HP: 16/16 MP: 3/3
   148 | D:1      | Reached XP level 2. HP: 1/23 MP: 1/5
   148 | D:1      | HP: 1/23 [poisoned by a kobold]
   150 | D:1      | Succumbed to a kobold's poison

Illustrated notes

Levels and vault maps discovered:
D:1:      erik_arrival_orb_chamber, layout_basic, minmay_heptomino_w4

Action                   || total
-------------------------++-------
Melee: Unarmed           ||    29
       Kick              ||     5
       Tailslap          ||     3
       Headbutt          ||     2
 Cast: Beastly Appendage ||     6
Armor: Skin              ||    10
Dodge: Dodged            ||    21

Table legend: (Time is in decaauts)
 A = Elapsed time spent in this place.
 B = Non-inter-level travel time spent in this place.
 C = Inter-level travel time spent in this place.
 D = Time resting spent in this place.
 E = Time spent auto-exploring this place.
 F = Levels seen in this place.
 G = Mean time per level.
                   A        B        C        D        E       F      G
               +--------+--------+--------+--------+--------+-----+--------+
         Total |    148 |    148 |      0 |      0 |     94 |   1 |  148.0 |
       Dungeon |    148 |    148 |      0 |      0 |     94 |   1 |  148.0 |
               +--------+--------+--------+--------+--------+-----+--------+

Top non-repeatable levels by time:
     D:1: 148 daAuts
